Unix NetHack Version 5.0.0-0 post-release - last build May  4 2026 22:22:43 (774f63e81ad911689b3a0859ea89b322d5daca8d,branch:main).

Game began 2026-05-08 02:17:00, ended 2026-05-08 19:59:41.

DeathOnAStick, neutral male human Tourist

                                                                    ----
              |                                ---  -----------------..| ----
              |.                            ----.----.............o....|--..--
              |.--                          |.........-------...o.o--o-- ....
              --.|         --------        --.....--..|    --o..@-- |o|  ...-
             --..--      ---...--.--   -----..........--  --...))|  |.----..--
             |....---    |.........-----.--............---#..)-..|  |..--....|
            --......--   |.....-.................)..)........-----  --......-
            |........|   ----......--......[.......)[..[.)....|      ---....--
            |.......-|      ---.^..----...........[.|.--......|       |......--
        -------.|....--       ---.+...............-----|..)...---     --.--...|
        |..|  -----...--- ---   ---------------...|    --.......|      ---|)..|
  ---    ..|      --....---.--                --.-|     ---.....|         |.---
---..--  -.--      --........---               |..|      --....--        --.|
|......---..--      --.`.......|               --.--     |...<--       ---..|
|.......|....-----   |......-..------------------..-------....|        |....|
   -.*..........>-------.....--...............................-        |....|
   |............................-------------------...---......|       ---..|
   ----............----...|..----                 --...|---.|.--         ----
      |..|..--------  --.-----                     -----  -----
      -------          ---
DeathOnAStick the Excursionist  St:16 Dx:11 Co:15 In:15 Wi:11 Ch:13  Neutral S:3246
Dlvl:4  $:45 HP:0(53) Pw:25(25) AC:3  Xp:6/593 T:6400  Burdened

Latest messages:
 The Uruk-hai picks up 3 daggers.
 The Uruk-hai picks up a broad short sword.
 The Uruk-hai wields a crude bow!
 The Uruk-hai picks up an arrow.
 The Uruk-hai shoots 2 poisoned crude arrows!
 You are hit by the 1st poisoned crude arrow.
 The 2nd poisoned crude arrow misses you.
 The Uruk-hai wields a bow!
 The Uruk-hai wields a broad short sword!
 You hit the Uruk-hai.
 The Uruk-hai thrusts his broad short sword.
 The Uruk-hai hits!
 The Uruk-hai shoots 2 poisoned crude arrows!
 The 1st poisoned crude arrow misses the Uruk-hai.
 The 1st poisoned crude arrow misses you.
 The 2nd poisoned crude arrow hits the Uruk-hai.
 The poison doesn't seem to affect the Uruk-hai.
 The Uruk-hai shoots 2 poisoned crude arrows!
 You are hit by the 1st poisoned crude arrow.
 The 2nd poisoned crude arrow misses you.
 The Uruk-hai wields a broad pick!
 You hit the Uruk-hai.
 The Uruk-hai thrusts his broad short sword.
 The Uruk-hai hits!
 You hit the Uruk-hai!
 What do you want to wield? [- abB or ?*] a
 You are already wielding that!
 You kill the Uruk-hai!
 The Uruk-hai shoots 2 poisoned crude arrows!
 You are hit by the 1st poisoned crude arrow.
 You are hit by the 2nd poisoned crude arrow.
 There are several objects here.
 The Uruk-hai swings his broad pick.
 The Uruk-hai misses!
 The Uruk-hai shoots 2 poisoned crude arrows!
 You are hit by the 1st poisoned crude arrow.
 Your movements are slowed slightly because of your load.
 You feel weaker!
 You are hit by the 2nd poisoned crude arrow.
 You hit the Uruk-hai.
 The Uruk-hai shoots 2 poisoned crude arrows!
 You are hit by the 1st poisoned crude arrow.
 You hear the howling of the CwnAnnwn...
 You are hit by the 2nd poisoned crude arrow.
 You die...
 Do you want your possessions identified? [ynq] (y) y
 Do you want to see your attributes? [ynq] (y) y
 Do you want an account of creatures vanquished? [ynaq] (y) y
 Do you want to see your conduct and achievements? [ynq] (y) y
 Do you want to see the dungeon overview? [ynq] (y) y

Inventory:
 Coins    ('$')
  $ - 45 gold pieces
 Amulets  ('"')
  g - an uncursed amulet of ESP (being worn)
 Weapons  (')')
  B - a poisoned +0 orcish arrow
  b - 10 +2 darts (at the ready)
  a - a +1 dagger (weapon in right hand)
 Armor    ('[')
  t - an uncursed +0 dwarvish iron helm (being worn)
  y - an uncursed +0 pair of iron shoes (being worn)
  E - an uncursed +0 studded leather armor (being worn)
 Comestibles  ('%')
  w - an uncursed clove of garlic
  D - 4 uncursed cream pies
  c - 3 uncursed food rations
  G - an uncursed sprig of wolfsbane
  p - an uncursed lizard corpse
 Wands    ('/')
  S - a wand of cold (0:5)
  n - a wand of cold (0:4)
  H - a wand of create monster (0:15)
  C - a wand of light (1:13)
  j - a wand of stasis (0:5)
  J - a wand of teleportation (0:3)
 Tools    ('(')
  f - an uncursed sack containing 17 items
  i - an uncursed brass lantern
  x - an uncursed credit card
  v - an expensive camera (0:83)
  s - an uncursed towel
 Gems/Stones  ('*')
  I - an uncursed topaz stone

Contents of the sack:
  1397 gold pieces
  an uncursed amulet of guarding
  an uncursed +0 mummy wrapping
  an uncursed scroll of enchant weapon
  2 uncursed scrolls of light
  4 uncursed scrolls of teleportation
  a cursed scroll of teleportation
  a blessed potion of extra healing
  2 uncursed potions of extra healing
  a cursed potion of extra healing
  a potion of holy water
  5 uncursed potions of water
  an uncursed ring of cold resistance
  an uncursed ring of shock resistance
  an uncursed ring of teleport control
  a wand of light (0:13)
  an uncursed partly used wax candle

DeathOnAStick the Tourist's attributes:

Background:
 You were an Excursionist, a level 6 male human Tourist.
 You were neutral, on a mission for The Lady
 who was opposed by Blind Io (lawful) and Offler (chaotic).
 You were right-handed.
 You were in the Gnomish Mines, on level 4.
 You entered the dungeon 6400 turns ago.
 You had 593 experience points, 47 more were needed to attain level 7.
 Your score was 3246 before end-of-game adjustments.

Basics:
 You had 0 out of 53 hit points.
 You had all 25 energy points (spell power).
 Your armor class was 3.
 Your wallet contained 45 zorkmids, and
 you had 1397 more stashed away in your pack.
 Autopickup was off.

Final Characteristics:
 Your strength was 16 (peak:17, limit:18/100).
 Your dexterity was 11 (limit:18).
 Your constitution was 15 (limit:18).
 Your intelligence was 15 (limit:18).
 Your wisdom was 11 (limit:18).
 Your charisma was 13 (limit:18).

Final Status:
 You weren't hungry.
 You were burdened; movement was slightly slowed.
 You were wielding a dagger.
 You had basic skill with dagger.

Final Attributes:
 You were piously aligned.
 You were telepathic.
 You were warded.
 You are dead.

Miscellaneous:
 You didn't encounter any bones levels.
 Total elapsed playing time was 1 hour, 16 minutes and 15 seconds.

Major events:
 Turn
    1: DeathOnAStick the neutral male human Tourist entered the dungeon
  716: entered the Gnomish Mines
  898: attained the rank of Sightseer (level 3)
 2695: reached Mine Town
 4166: attained the rank of Excursionist (level 6)
 6400: killed by an orcish arrow

Spells:
 Name                 Level Category     Fail Retention
 clairvoyance           3   divination   100%  76%-100%

Skills:
 Fighting Skills
   bare handed combat [Unskilled]
   two weapon combat  [Unskilled]
   riding             [Unskilled]
 Weapon Skills
   dagger             [Basic]
   knife              [Unskilled]
   axe                [Unskilled]
   pick-axe           [Unskilled]
   short sword        [Unskilled]
   broadsword         [Unskilled]
   long sword         [Unskilled]
   two-handed sword   [Unskilled]
   saber              [Unskilled]
   mace               [Unskilled]
   morning star       [Unskilled]
   flail              [Unskilled]
   hammer             [Unskilled]
   quarterstaff       [Unskilled]
   polearms           [Unskilled]
   spear              [Unskilled]
   trident            [Unskilled]
   lance              [Unskilled]
   bow                [Unskilled]
   sling              [Unskilled]
   crossbow           [Unskilled]
   dart               [Skilled]
   shuriken           [Unskilled]
   boomerang          [Unskilled]
   whip               [Unskilled]
   unicorn horn       [Unskilled]
 Spellcasting Skills
   divination spells  [Unskilled]
   enchantment spells [Unskilled]
   escape spells      [Unskilled]

Voluntary challenges:
 Character rerolling was not enabled.
 You never genocided any monsters.
 You never polymorphed an object.
 You never changed form.
 You used no wishes.
Achievements:
 You entered the Gnomish Mines.
 You entered a shop.
 You attained the rank of Sightseer.
 You entered Minetown.
 You attained the rank of Excursionist.

 The Dungeons of Doom: levels 1 to 8
    Level 1:
       An altar to The Lady.
    Level 2:
    Level 3:
       An armor shop.
       Stairs down to The Gnomish Mines.
    Level 4:
       A general store.
    Level 5:
       A fountain.
    Level 6:
    Level 7:
    Level 8:
 The Gnomish Mines: levels 4 to 6
    Level 4: <- You were here.
       Final resting place for
          you, killed by an orcish arrow.
    Level 5:
    Level 6:
       A fountain.


Vanquished creatures:
  a giant beetle
  a lizard
  a snake
 an imp
  a wood nymph
  a mountain nymph
  a Mordor orc
  9 Uruk-hai
  a rock piercer
  5 gnome leaders
  a kobold mummy
  a floating eye
  6 dwarves
  3 hill orcs
  a rabid rat
  4 iguanas
  2 acid blobs
  3 coyotes
  4 manes
  2 hobgoblins
  4 giant rats
  5 cave spiders
  a brown mold
  a green mold
  a red mold
 15 gnomes
  6 garter snakes
  3 geckos
  7 jackals
  a fox
  2 goblins
  2 sewer rats
  8 grid bugs
  6 lichens
  2 kobold zombies
 10 newts
123 creatures vanquished.

No species were genocided or became extinct.

Game over:
                       ----------
                      /          \
                     /    REST    \
                    /      IN      \
                   /     PEACE      \
                  /                  \
                  |  DeathOnAStick   |
                  |     1442 Au      |
                  |   killed by an   |
                  |   orcish arrow   |
                  |                  |
                  |                  |
                  |       2026       |
                 *|     *  *  *      | *
        _________)/\\_//(\/(/\)/\//\/|_)_______

Aloha DeathOnAStick the Tourist...

You died in The Gnomish Mines on dungeon level 4 with 3202 points,
and 1442 pieces of gold, after 6400 moves.
You were level 6 with a maximum of 53 hit points when you died.

